 Dungeon Crawl Stone Soup version 0.22-a0-402-ga933591 (webtiles) character file.

677 Mgcat the Digger (level 7, -3/46 HPs)
             Began as a Formicid Earth Elementalist on May 6, 2018.
             Slain by Duvessa
             ... wielding a cursed +0 rapier
              (10 damage)
             ... on level 5 of the Dungeon.
             The game lasted 00:12:21 (3986 turns).

Mgcat the Digger (Formicid Earth Elementalist)      Turns: 3986, Time: 00:12:22

Health: -3/46      AC:  6    Str: 18    XL:     7   Next: 91%
Magic:  0/14       EV: 12    Int: 16    God:
Gold:   220        SH:  0    Dex: 11    Spells: 7/16 levels left

rFire    . . .     SeeInvis +   n - +2 dagger (freeze)
rCold    . . .     Gourm    .   (no shield)
rNeg     . . .     Faith    .   c - +0 robe
rPois    .         Spirit   .   (helmet unavailable)
rElec    .         Reflect  .   (no cloak)
rCorr    .         Harm     .   o - +1 pair of gloves
MR       .....                  f - +1 pair of boots
Stlth    ++........             (no amulet)
HPRegen  0.15/turn              (no ring)
MPRegen  0.14/turn              (no ring)

@: mighty
A: permanent stasis, dig shafts and tunnels, four strong arms, antennae 3
a: Dig, Shaft Self


You were on level 5 of the Dungeon.
You were not hungry.

You visited 1 branch of the dungeon, and saw 5 of its levels.

You collected 220 gold pieces.

Inventory:

Hand Weapons
 n - a +2 dagger of freezing (weapon)
   (You took it off a kobold on level 2 of the Dungeon)
Missiles
 b - 54 stones (quivered)
Armour
 c - a +0 robe (worn)
 f - a +1 pair of boots (worn)
   (You found it on level 4 of the Dungeon)
 o - a +1 pair of gloves (worn)
   (You found it on level 2 of the Dungeon)
 s - a +0 shield
   (You found it on level 3 of the Dungeon)
Wands
 r - a wand of flame (61)
   (You found it on level 3 of the Dungeon)
Scrolls
 g - a scroll of amnesia
 j - a scroll of remove curse
 p - a scroll of enchant armour
Potions
 e - a potion of curing {unknown}
 h - a potion of agility
 u - a potion of lignification {!q}
 v - a potion of brilliance {unknown}
 w - a potion of berserk rage {unknown}
Comestibles
 d - 9 rations


   Skills:
 - Level 1.7 Dodging
 - Level 2.4 Stealth
 + Level 5.2 Spellcasting
 + Level 3.7 Conjurations
   Level 1.1 Transmutations
 + Level 6.7 Earth Magic


You had 7 spell levels left.
You knew the following spells:

 Your Spells              Type           Power        Failure   Level  Hunger
a - Sandblast             Erth           ####..       1%          1    None
b - Stone Arrow           Conj/Erth      ###...       5%          3    ###....
c - Lee's Rapid Deconstr  Erth           ####......   26%         5    ######.


Dungeon Overview and Level Annotations

Branches:
Dungeon (5/15)
 Temple: D:4-7

Altars:
Hepliaklqana
Kikubaaqudgha
Trog

Annotations:
D:5 Duvessa


Innate Abilities, Weirdness & Mutations

You cannot be hasted, slowed, berserked, paralysed or teleported.
You can dig through walls and to a lower floor.
Your four strong arms can wield two-handed weapons with a shield.
You have a pair of large antennae on your head. (SInv)


Message History

b - 63 stones Duvessa, Sister of Dowan comes into view.
She is wielding a rapier.
Casting: Sandblast (safe; 1% risk of failure)
Confirm with . or Enter, or press ? or * to list all spells.
Aiming: Sandblast (safe; 1% risk of failure)
Press: ? - help, Shift-Dir - straight line, f - Duvessa
Aim: Duvessa, wielding a rapier and wearing a leather armour (fast)
The blast of sand misses Duvessa.
b - 62 stones Duvessa goes berserk!
Duvessa hits you with a rapier! Duvessa hits you with a rapier.
Casting: Sandblast (safe; 1% risk of failure)
Confirm with . or Enter, or press ? or * to list all spells.
Aiming: Sandblast (safe; 1% risk of failure)
Press: ? - help, Shift-Dir - straight line, f/p - Duvessa
Aim: Duvessa, wielding a rapier and wearing a leather armour (berserk, fast, unusually strong)
The blast of sand hits Duvessa.
Duvessa is lightly wounded.
b - 61 stones Duvessa hits you with a rapier.
Casting: Sandblast (safe; 1% risk of failure)
Confirm with . or Enter, or press ? or * to list all spells.
Aiming: Sandblast (safe; 1% risk of failure)
Press: ? - help, Shift-Dir - straight line, f/p - Duvessa
Aim: Duvessa, wielding a rapier and wearing a leather armour (lightly wounded, berserk, fast, unusually strong)
The blast of sand hits Duvessa.
Duvessa is moderately wounded.
b - 60 stones Duvessa hits you but does no damage.
Casting: Sandblast (safe; 1% risk of failure)
Confirm with . or Enter, or press ? or * to list all spells.
Aiming: Sandblast (safe; 1% risk of failure)
Press: ? - help, Shift-Dir - straight line, f/p - Duvessa
Aim: Duvessa, wielding a rapier and wearing a leather armour (moderately wounded, berserk, fast, unusually strong)
The blast of sand hits Duvessa.
Duvessa is moderately wounded.
b - 59 stones Duvessa hits you with a rapier!
* * * LOW HITPOINT WARNING * * *
Duvessa barely misses you.
Casting: Sandblast (safe; 1% risk of failure)
Confirm with . or Enter, or press ? or * to list all spells.
Aiming: Sandblast (safe; 1% risk of failure)
Press: ? - help, Shift-Dir - straight line, f/p - Duvessa
Aim: Duvessa, wielding a rapier and wearing a leather armour (moderately wounded, berserk, fast, unusually strong)
The blast of sand hits Duvessa.
Duvessa is moderately wounded.
b - 58 stones Duvessa hits you with a rapier.
* * * LOW HITPOINT WARNING * * *
You feel much better. Duvessa hits you with a rapier!
You feel much better. Duvessa closely misses you.
Duvessa hits you with a rapier!
Casting: Sandblast (safe; 1% risk of failure)
Confirm with . or Enter, or press ? or * to list all spells.
Aiming: Sandblast (safe; 1% risk of failure)
Press: ? - help, Shift-Dir - straight line, f/p - Duvessa
Aim: Duvessa, wielding a rapier and wearing a leather armour (moderately wounded, berserk, fast, unusually strong)
The blast of sand hits Duvessa.
Duvessa is heavily wounded.
b - 57 stones Duvessa closely misses you.
Casting: Sandblast (safe; 1% risk of failure)
Confirm with . or Enter, or press ? or * to list all spells.
Aiming: Sandblast (safe; 1% risk of failure)
Press: ? - help, Shift-Dir - straight line, f/p - Duvessa
Aim: Duvessa, wielding a rapier and wearing a leather armour (heavily wounded, berserk, fast, unusually strong)
The blast of sand hits Duvessa.
Duvessa is heavily wounded.
b - 56 stones Duvessa closely misses you.
Casting: Sandblast (safe; 1% risk of failure)
Confirm with . or Enter, or press ? or * to list all spells.
Aiming: Sandblast (safe; 1% risk of failure)
Press: ? - help, Shift-Dir - straight line, f/p - Duvessa
Aim: Duvessa, wielding a rapier and wearing a leather armour (heavily wounded, berserk, fast, unusually strong)
The blast of sand hits Duvessa.
Duvessa is heavily wounded.
b - 55 stones Duvessa misses you.
Duvessa hits you with a rapier!
Casting: Sandblast (safe; 1% risk of failure)
Confirm with . or Enter, or press ? or * to list all spells.
Aiming: Sandblast (safe; 1% risk of failure)
Press: ? - help, Shift-Dir - straight line, f/p - Duvessa
Aim: Duvessa, wielding a rapier and wearing a leather armour (heavily wounded, berserk, fast, unusually strong)
The blast of sand hits Duvessa.
Duvessa is heavily wounded.
b - 54 stones Duvessa barely misses you.
You feel very mighty all of a sudden. Duvessa hits you with a rapier!
* * * LOW HITPOINT WARNING * * *
Duvessa closely misses you.
You closely miss Duvessa.
Duvessa is heavily wounded.
Duvessa misses you.
You hit Duvessa. You freeze Duvessa.
Duvessa is heavily wounded.
Duvessa hits you with a rapier!
You die...

...ยง....###.#
...>..##.#
#.###.###.# #
#.# #.# #.#
#.# .. #.# #
#.## #.#.##
#.###@## #.#
##e# ## #{##
#.. #.#. ###.
.. ##


You could see Duvessa (berserk).

Vanquished Creatures
  Grinder (D:3)
  A scorpion (D:4)
  Dowan (D:5)
  A howler monkey (D:4)
  A hound (D:4)
  An orc priest (D:3)
  3 orc wizards
  A worker ant (D:3)
  4 adders
  3 gnolls (D:2)
  An ooze (D:3)
  2 worms
  4 dart slugs
  6 leopard geckos
  10 orcs
  4 bats
  4 giant cockroaches
  6 goblins
  7 hobgoblins
  9 kobolds
  3 quokkas
  5 frilled lizards
  2 leopard gecko skeletons (D:4)
  A leopard gecko zombie (D:5)
  A quokka skeleton (D:4)
  15 rats
97 creatures vanquished.

Notes
Turn   | Place    | Note
-------+----------+-------------------------------------------
     0 | D:1      | Mgcat the Formicid Earth Elementalist began the quest for the Orb.
     0 | D:1      | Reached XP level 1. HP: 13/13 MP: 3/3
   159 | D:1      | Reached XP level 2. HP: 19/19 MP: 5/5
   189 | D:1      | Reached skill level 4 in Earth Magic
   386 | D:1      | Reached XP level 3. HP: 23/24 MP: 7/7
   401 | D:1      | Learned a level 3 spell: Stone Arrow
   427 | D:1      | Reached skill level 3 in Spellcasting
   905 | D:2      | Found an ancient bone altar of Kikubaaqudgha.
   915 | D:2      | Reached XP level 4. HP: 22/30 MP: 8/8
  1044 | D:2      | Found a bloodstained altar of Trog.
  1205 | D:2      | Reached skill level 1 in Conjurations
  1527 | D:2      | Reached XP level 5. HP: 35/35 MP: 10/10
  1534 | D:2      | Learned a level 5 spell: Lee's Rapid Deconstruction
  1662 | D:2      | Reached skill level 5 in Earth Magic
  1897 | D:3      | Reached skill level 2 in Conjurations
  1931 | D:3      | Reached skill level 4 in Spellcasting
  1931 | D:3      | Reached XP level 6. HP: 40/41 MP: 0/12
  2493 | D:3      | Noticed Grinder
  2690 | D:3      | Killed Grinder
  2690 | D:3      | Reached skill level 3 in Conjurations
  2690 | D:3      | Reached skill level 6 in Earth Magic
  2690 | D:3      | Reached XP level 7. HP: 31/46 MP: 3/14
  3211 | D:4      | Reached skill level 5 in Spellcasting
  3569 | D:4      | Found a hazy altar of Hepliaklqana.
  3917 | D:5      | Entered Level 5 of the Dungeon
  3962 | D:5      | Noticed Dowan
  3972 | D:5      | Killed Dowan
  3973 | D:5      | Noticed Duvessa
  3977 | D:5      | HP: 6/46 [Duvessa/rapier (6)]
  3984 | D:5      | HP: 7/46 [Duvessa/rapier (8)]
  3986 | D:5      | Slain by Duvessa

Vault maps used:
D:1:      dpeg_arrival_tiny_f
D:2:      lemuel_round_altar, bloody_trog
D:3:      kennysheep_generic_room_12, uniq_grinder
D:4:      marbit_many_paths, first_ration, hex_intersection,
          minmay_close_crescents
D:5:      lemuel_blue_sif_altar, nicolae_dithmenos_through_a_glass_darkly,
          temple_green, uniq_duvessa

Skill      XL: |  1  2  3  4  5  6  7 |
---------------+----------------------+-----
Earth Magic    | 4 5 6 |  6.7
Spellcasting   | 3 4 5 |  5.2
Conjurations   | 1 2 3 |  3.7
Dodging        | |  1.7
Stealth        | |  2.4
Transmutations | |  1.1

Action                   |  1- 3 |  4- 6 |  7- 9 || total
-------------------------+-------+-------+-------++-------
Melee: Club              |    10 |       |       ||    10
       Short sword       |    90 |    19 |       ||   109
       Dagger            |       |    93 |    14 ||   107
 Cast: Sandblast         |     4 |    35 |    23 ||    62
       Stone Arrow       |       |     7 |    20 ||    27
  Use: Scroll            |       |       |    15 ||    15
       Potion            |       |       |     3 ||     3
 Stab: Sleeping          |     2 |     2 |       ||     4
  Eat: Chunk             |       |     6 |     6 ||    12
Armor: Robe              |     8 |    18 |     3 ||    29
Dodge: Dodged            |    49 |    68 |    18 ||   135

Table legend:
 A = Spawn XP
 B = Non-spawn XP
 C = Spawn XP percentage of total XP
 D = Spawn monster count
 E = Non-spawn monster count
 F = Spawn count percentage of total count
 G = Total turns spent on level
                    A         B        C        D         E        F      G
               +---------+---------+-------+---------+---------+-------+---------
         Total |       0 |     968 |   0.0 |       0 |      97 |   0.0 |  3986
               +---------+---------+-------+---------+---------+-------+---------
           D:1 |       0 |      44 |   0.0 |       0 |      24 |   0.0 |   901
           D:2 |       0 |     127 |   0.0 |       0 |      27 |   0.0 |   975
           D:3 |       0 |     490 |   0.0 |       0 |      31 |   0.0 |   984
           D:4 |       0 |     240 |   0.0 |       0 |      13 |   0.0 |  1057
           D:5 |       0 |      67 |   0.0 |       0 |       2 |   0.0 |    69
               +---------+---------+-------+---------+---------+-------+---------

Vault maps used:
D:1:      dpeg_arrival_tiny_f
D:2:      lemuel_round_altar, bloody_trog
D:3:      kennysheep_generic_room_12, uniq_grinder
D:4:      marbit_many_paths, first_ration, hex_intersection,
          minmay_close_crescents
D:5:      lemuel_blue_sif_altar, nicolae_dithmenos_through_a_glass_darkly,
          temple_green, uniq_duvessa

Table legend:
 A = Turns spent in this place as a percentage of turns spent in the entire game.
 B = Non-inter-level travel turns spent in this place as a percentage of non-inter-level travel turns spent in the entire game.
 C = Inter-level travel turns spent in this place as a percentage of turns spent in this place.
 D = Turns resting spent in this place as a percentage of non-inter-level travel turns spent in this place.
 E = Turns spent auto-exploring this place as a percentage of non-inter-level travel turns spent in this place.
 F = Non-inter-level travel turns spent in this place divided by the number of levels of this place that you've seen.
                   A       B       C       D       E      F
               +-------+-------+-------+-------+-------+----------------------
         Total | 100.0 | 100.0 |   3.3 |   1.4 |  77.1 | 771.0
       Dungeon | 100.0 | 100.0 |   3.3 |   1.4 |  77.1 | 771.0
               +-------+-------+-------+-------+-------+----------------------

Table legend:
 A = Kills in this place as a percentage of kills in entire the game.
 B = Kills by you in this place as a percentage of kills by you in the entire game.
 C = Kills by friends in this place as a percentage of kills by friends in the entire game.
 D = Other kills in this place as a percentage of other kills in the entire game.
 E = Experience gained in this place as a percentage of experience gained in the entire game.
 F = Experience gained in this place divided by the number of levels of this place that you have seen.
                   A       B       C       D       E      F
               +-------+-------+-------+-------+-------+----------------------
         Total | 100.0 | 100.0 |   N/A |   N/A | 100.0 | 193.6
       Dungeon | 100.0 | 100.0 |   N/A |   N/A | 100.0 | 193.6
               +-------+-------+-------+-------+-------+----------------------
